 Dungeon Crawl Stone Soup version 0.19-a0-1922-g1e9a4c1 (webtiles) character file.

92 TheGoonsmith the Chopper (level 4, -2/39 HPs)
             Began as a Hill Orc Gladiator on Oct 24, 2016.
             Was a Believer of Uskayaw.
             Slain by an ogre
             ... wielding a +0 giant club
              (20 damage)
             ... on level 3 of the Dungeon.
             The game lasted 00:02:19 (2083 turns).

TheGoonsmith the Chopper (Hill Orc Gladiator)       Turns: 2083, Time: 00:02:20

Health: -2/39      AC: 11    Str: 18    XL:     4   Next: 60%
Magic:  4/4        EV:  7    Int:  8    God:    Uskayaw [**....]
Gold:   70         SH:  0    Dex: 11    Spells: 0 memorised, 3 levels left

rFire  . . .     SeeInvis .     a - +0 war axe
rCold  . . .     Gourm    .     n - +0 chain mail
rNeg   . . .     Faith    .     (no shield)
rPois  .         Spirit   .     s - +1 helmet
rElec  .         Reflect  .     (no cloak)
rCorr  .         Harm     .     h - +0 pair of gloves
MR     .....                    (no boots)
Stlth  ..........               (no amulet)
                                (no ring)
                                (no ring)

@: no status effects
A: no striking features
a: Stomp, Line Pass, Renounce Religion


You were on level 3 of the Dungeon.
You worshipped Uskayaw.
Uskayaw was noncommittal.
You were hungry.

You visited 1 branch of the dungeon, and saw 3 of its levels.

You collected 70 gold pieces.

Inventory:

Hand Weapons
 a - a +0 war axe (weapon)
Missiles
 d - 3 throwing nets (quivered)
 l - 2 javelins
Armour
 b - a +0 leather armour
 c - a +0 helmet
 h - a +0 pair of gloves (worn)
 n - a +0 chain mail (worn)
 s - a +1 helmet (worn)
Wands
 r - a wand of slowing (34/48)
 t - a wand of iceblast (11/15)
Scrolls
 e - a scroll of fog {unknown}
 o - 2 scrolls of remove curse {unknown}
 p - a scroll of identify {unknown}
Potions
 i - a potion of curing {unknown}
 j - a potion of agility {unknown}
 k - a potion of haste {unknown}
 m - a potion of might
Comestibles
 f - 2 bread rations
 g - 5 fruits
 q - a beef jerky


   Skills:
 + Level 3.6 Fighting
 * Level 6.2 Axes
 - Level 1.7 Throwing
 - Level 2.4 Dodging


You had 3 spell levels left.
You didn't know any spells.

Dungeon Overview and Level Annotations

Branches:
Dungeon (3/15)

Altars:
Cheibriados
Okawaru
Ru
Trog
Uskayaw
Yredelemnul
Zin


Message History

The ogre hits you with a giant club.
You can now stomp with the beat.
You hit the ogre.
The ogre is moderately wounded.
The ogre closely misses you.
You barely miss the ogre.
The ogre is moderately wounded.
The ogre hits you with a giant club!
You hit the ogre but do no damage.
The ogre is moderately wounded.
The ogre hits you with a giant club.
You slash the ogre!
The ogre is almost dead.
The ogre barely misses you.
You can now pass through a line of other dancers.
You hit the ogre but do no damage.
The ogre is almost dead.
The ogre hits you with a giant club!!
Ouch! That really hurt!
You die...

....... ## ....... .#
....... .# .......
.###### ....... .!.....
.......#....... #.
.......O.$..... #. #.###
#@....... #.
##.#.###.....###
####.####..#...#..#.....
#.....#..........(# ###.
...............#..# #
................#.#..
......<.......#.......
..............##..#...
.......................


You could see an ogre.

Vanquished Creatures
  Robin (D:2)
  An adder (D:2)
  An ooze (D:2)
  4 dart slugs
  3 leopard geckos
  7 bats
  A giant cockroach (D:1)
  14 goblins
  5 hobgoblins
  3 jackals (D:2)
  3 frilled lizards
  6 kobolds
  5 rats
54 creatures vanquished.

Notes
Turn   | Place    | Note
-------+----------+-------------------------------------------
     0 | D:1      | TheGoonsmith the Hill Orc Gladiator began the quest for the Orb.
     0 | D:1      | Reached XP level 1. HP: 18/18 MP: 1/1
   200 | D:1      | Reached XP level 2. HP: 23/25 MP: 2/2
   502 | D:1      | Reached skill level 5 in Axes
   598 | D:1      | Reached XP level 3. HP: 30/30 MP: 3/3
  1454 | D:2      | Reached XP level 4. HP: 38/38 MP: 4/4
  1497 | D:2      | Noticed Robin
  1534 | D:2      | Killed Robin
  1534 | D:2      | Reached skill level 6 in Axes
  1903 | D:2      | Found a sacrificial altar of Ru.
  1904 | D:2      | Found a hide-covered altar of Uskayaw.
  1904 | D:2      | Found a glowing silver altar of Zin.
  1905 | D:2      | Found an iron altar of Okawaru.
  1906 | D:2      | Found a bloodstained altar of Trog.
  1906 | D:2      | Found a snail-covered altar of Cheibriados.
  1907 | D:2      | Found a basalt altar of Yredelemnul.
  1927 | D:2      | Became a worshipper of Uskayaw the Reveler
  2073 | D:3      | Noticed an ogre
  2078 | D:3      | Reached * piety under Uskayaw
  2082 | D:3      | Reached ** piety under Uskayaw
  2083 | D:3      | Slain by an ogre

Vault maps used:
D:1:      nicolae_arrival_memento_mori, bh_walls_and_bars
D:2:      grunt_temple_overflow_open, uniq_robin
D:3:      brannock_xom_greatest_gift, nicolae_qazlal_general_emergency,
          first_bread, minmay_rats_cheesy_pizza, uniq_jessica

Skill      XL: |  1  2  3  4 |
---------------+-------------+-----
Axes           | 5 6 |  6.2
Fighting       | 3 |  3.6
Throwing       | |  1.7
Dodging        | |  2.4

Action                   |  1- 3 |  4- 6 || total
-------------------------+-------+-------++-------
Melee: War axe           |    98 |    51 ||   149
  Use: Potion            |       |     1 ||     1
  Eat: Chunk             |     2 |     1 ||     3
Armor: Leather armour    |    15 |       ||    15
       Chain mail        |    60 |    35 ||    95
Dodge: Dodged            |    77 |    37 ||   114
